 Dungeon Crawl Stone Soup version 0.29-a0-234-g0dae59b3db (webtiles) character file.

Game seed: 8939932566106626464

67941 spaghetti the Impassioned (level 14, -8/110 HPs)
             Began as a Mummy Fighter on Mar 3, 2022.
             Was a Follower of Uskayaw.
             Killed by divine providence
             ... invoked by Saint Roka
              (13 damage)
             ... on level 2 of the Orcish Mines.
             The game lasted 00:47:15 (33749 turns).

spaghetti the Impassioned (Mummy Fighter)          Turns: 33749, Time: 00:47:15

Health: -8/110     AC: 28    Str: 30    XL:     14   Next: 84%
Magic:  26/26      EV:  8    Int:  7    God:    Uskayaw [*.....]
Gold:   1643       SH:  5    Dex: 12    Spells: 13/13 levels left

rFire   x . .      SeeInvis .   e - +9 quick blade (venom) {shortrare=g}
rCold   + . .      Faith    .   c - +1 buckler
rNeg    + + +      Spirit   .   A - +0 plate armour
rPois   ∞          Reflect  .   F - +2 helmet
rElec   .          Harm     .   n - +0 cloak
rCorr   .          Rampage  .   I - +2 pair of gloves
Will    +....                   (no boots)
Stlth   ..........              (no amulet)
HPRegen 0.28/turn               f - +6 ring of strength
MPRegen 0.20/turn               D - +4 ring of protection

@: about to teleport
A: cold resistance 1, negative energy resistance 3, torment resistance 2, heat
vulnerability 1, in touch with death 2, no potions
a: Renounce Religion, Stomp


You were on level 2 of the Orcish Mines.
You worshipped Uskayaw.
Uskayaw was most pleased with you.
You visited 4 branches of the dungeon, and saw 22 of its levels.

You collected 1643 gold pieces.


Innate Abilities, Weirdness & Mutations

You are immune to poison.
Your flesh is cold resistant. (rC+)
You are immune to negative energy. (rN+++)
You are immune to unholy pain and torment.
You are vulnerable to heat. (rF-)
You are strongly in touch with the powers of death.
You do not drink.


   Skills:
 - Level 10.1 Fighting
 - Level 7.8(8.0) Short Blades
 - Level 1.5(5.2) Long Blades
 + Level 13.2 Armour
 - Level 2.4 Shields
 - Level 16.0 Invocations


You had 13 spell levels left.
You didn't know any spells.
Your spell library contained the following spells:

 Spells                   Type           Power      Damage    Failure   Level
 Foxfire                  Conj/Fire      0%         2x1d4     98%         1
 Freeze                   Ice            0%         1d3       98%         1
 Shock                    Conj/Air       0%         1d3       98%         1
 Sting                    Tmut/Pois      0%         1d3       98%         1
 Summon Small Mammal      Summ           0%         N/A       98%         1
 Poisonous Vapours        Pois/Air       0%         N/A       99%         2
 Scorch                   Fire           0%         2d5       99%         2
 Static Discharge         Conj/Air       0%         N/A       99%         2
 Call Canine Familiar     Summ           0%         N/A       100%        3
 Conjure Flame            Conj/Fire      0%         6-21      100%        3
 Frozen Ramparts          Ice            0%         1d2       100%        3
 Inner Flame              Hex/Fire       0%         N/A       100%        3
 Ozocubu's Armour         Ice            0%         N/A       100%        3
 Summon Guardian Golem    Hex/Summ       0%         N/A       100%        3
 Swiftness                Air            0%         N/A       100%        3
 Tukima's Dance           Hex            0%         N/A       100%        3
 Airstrike                Air            0%         N/A       100%        4
 Anguish                  Hex/Necr       0%         N/A       100%        4
 Flame Wave               Conj/Fire      0%         2d4       100%        4
 Hailstorm                Conj/Ice       0%         3d3       100%        4
 Olgreb's Toxic Radiance  Pois           0%         N/A       100%        4
 Passage of Golubria      Tloc           0%         N/A       100%        4
 Lightning Bolt           Conj/Air       0%         1d11      100%        5
 Metabolic Englaciation   Hex/Ice        0%         N/A       100%        5
 Yara's Violent Unravell  Hex/Tmut       0%         3d3       100%        5
 Dispersal                Tloc           0%         N/A       100%        6
 Simulacrum               Ice/Necr       0%         N/A       100%        6
 Summon Cactus Giant      Summ           0%         N/A       100%        6
 Enfeeble                 Hex            0%         N/A       100%        7
 Disjunction              Tloc           0%         N/A       100%        8
 Maxwell's Capacitive Co  Air            0%         ∞         100%        8

Inventory:

Hand Weapons
 e - a +9 quick blade of venom (weapon) {shortrare=g}
   (You acquired it on level 5 of the Dungeon)
 p - a +2 flail of chaos {mace}
   (You subdued it on level 1 of the Lair of Beasts)
 L - a +0 battleaxe of flaming {axe}
   (You found it on level 5 of the Lair of Beasts)
Missiles
 a - 6 boomerangs {throwing}
 g - 377 stones (quivered) {throwing}
 h - 15 poisoned darts {throwing}
 q - 5 curare-tipped darts {=fthrowing}
 r - 7 javelins {throwing}
 K - 8 atropa-tipped darts {throwing}
Armour
 c - a +1 buckler (worn)
 n - a +0 cloak (worn)
   (You found it on level 3 of the Dungeon)
 A - a +0 plate armour (worn)
   (You found it on level 8 of the Dungeon)
 F - a +2 helmet (worn)
   (You found it on level 2 of the Lair of Beasts)
 I - a +2 pair of gloves (worn)
   (You found it on level 9 of the Dungeon)
Magical Staves
 o - a staff of cold {!astaff}
   (You found it on level 1 of the Lair of Beasts)
 B - a staff of poison {!astaff}
   (You found it on level 6 of the Lair of Beasts)
Jewellery
 b - a ring of magical power
   (You found it on level 1 of the Lair of Beasts)
 d - a ring of fire
   (You found it on level 4 of the Dungeon)
 f - a +6 ring of strength (left hand)
   (You found it on level 5 of the Lair of Beasts)
 i - a ring of positive energy
   (You found it on level 8 of the Dungeon)
 j - a +6 ring of dexterity
   (You found it on level 2 of the Dungeon)
 m - a ring of fire
   (You found it on level 3 of the Dungeon)
 t - a ring of ice
   (You took it off Fannar on level 1 of the Orcish Mines)
 v - a ring of ice
   (You found it on level 6 of the Dungeon)
 C - a +6 ring of intelligence
   (You found it on level 9 of the Dungeon)
 D - a +4 ring of protection (right hand)
   (You found it on level 8 of the Dungeon)
 G - a +6 ring of dexterity
   (You found it on level 3 of the Lair of Beasts)
 N - a ring of flight
   (You found it on level 12 of the Dungeon)
Wands
 z - a wand of flame (9)
   (You found it on level 5 of the Lair of Beasts)
 H - a wand of mindburst (5)
   (You found it on level 4 of the Lair of Beasts)
Scrolls
 k - 9 scrolls of identify {@r1}
 l - 5 scrolls of magic mapping {!r}
 s - a scroll of teleportation {@r4}
 w - 4 scrolls of silence {!r}
 x - 3 scrolls of enchant armour
 Q - 2 scrolls of immolation {!r!r}
 R - a scroll of vulnerability {!r!r}
 X - 2 scrolls of amnesia
Miscellaneous
 u - a piece from Xom's chessboard (15/15)
   (You found it on level 2 of the Lair of Beasts)
 M - a phantom mirror (inert)
   (You found it on level 10 of the Dungeon)

Dungeon Overview and Level Annotations

Branches:
Dungeon (13/15)              Lair (6/6) D:11         Shoals (0/4) Lair:2
 Spider (0/4) Lair:2        Slime (0/5) Lair:6          Orc (2/2) D:11
    Elf (1/3) Orc:2
 Temple: D:4-7       Vaults: D:13-14

Altars:
Fedhas
Hepliaklqana
Makhleb
Nemelex Xobeh
Qazlal
Ru
Sif Muna
Trog
Uskayaw
Vehumet
Xom
Yredelemnul
Zin
Beogh

Shops:
D:1 (   D:2 :   Orc:2 (

Annotations:
D:6 1 exclusion
D:11 exclusions: downstairs and electric eel
Lair:6 exclusion: 2 oklob plants
Orc:2 Saint Roka

...# **,,,#.)...#,,,**##..#.).
..## **...........** #....)# ..#
#######.........####*##.....
..####...8[....O........8.#......
.#...(.)[[.[.....................
......()[))....._................
.#..(..)).....................#.#
.#....#..8..............8......##
>....[.#####....@....#####....##
........#*#....)......#*#.....**
......[[##...#.....#...##.....,**
#......##...##.o...#*...##....,,*
.......#..,**#8...8#**,.,#....,,*
......##∩,** #.....#**#,∩#...#,*,
......###### #.....##.##*#...,,,,
...........###.........# *,,**,*,
......#....##......##.## ****,,,,


You could see Saint Roka (very poisoned) and an ogre.


Message History

You hit Saint Roka.
Saint Roka looks as sick as possible!
Saint Roka calls down the wrath of Beogh upon you.
Beogh smites you! 😮 HP[-15]
You take 15 damage, and now have 76/110 hp.
You are too injured to fight recklessly!
You are too injured to fight recklessly!
You are too injured to fight recklessly!
You are too injured to fight recklessly!
You are too injured to fight recklessly!
You are too injured to fight recklessly!
You are too injured to fight recklessly!
You are too injured to fight recklessly!
You are too injured to fight recklessly!
You are too injured to fight recklessly!
You are too injured to fight recklessly!
You are too injured to fight recklessly!
You are too injured to fight recklessly!
You are too injured to fight recklessly!
You are too injured to fight recklessly!
You are too injured to fight recklessly!
You are too injured to fight recklessly!
Unknown command.
You are too injured to fight recklessly!
You hit Saint Roka.
Saint Roka looks as sick as possible!
You completely miss Saint Roka.
Saint Roka hits you with a +0 great sword of holy wrath!!
* * * LOW HITPOINT WARNING * * *
You convulse!
* * * LOW HITPOINT WARNING * * *
😨 HP[-32]
You take 32 damage, and now have 44/110 hp.
MASSIVE DAMAGE!! (PAUSE)
Okay, then.
Okay, then.
You hit Saint Roka but do no damage. You hit Saint Roka but do no damage.
You hit Saint Roka. You block Saint Roka's attack.
You hit Saint Roka but do no damage.
Saint Roka looks as sick as possible!
Aiming: Phantom Mirror
Press: ? - help, Dir - move target, f - Saint Roka
Aim: Saint Roka, wielding a +0 great sword of holy wrath and wearing a +0 chain mail (lightly wounded, extremely poisoned)
You reflect Saint Roka with the mirror!
The mirror clouds!
Saint Roka calls down the wrath of Beogh upon you.
Beogh smites you!
* * * LOW HITPOINT WARNING * * *
Saint Roka hits Saint Roka with a +0 great sword of holy wrath! 😨 HP[-7]
You take 7 damage, and now have 37/110 hp.
Saint Roka barely misses Saint Roka.
Saint Roka calls down the wrath of Beogh upon you.
Beogh smites you!
* * * LOW HITPOINT WARNING * * *
😱 HP[-10]
You take 10 damage, and now have 27/110 hp.
The orc hits Saint Roka with a +0 war axe!
Saint Roka invokes the aid of Beogh against the orc.
The orc is smitten.
The orc dies!
Saint Roka completely misses Saint Roka.
Saint Roka hits Saint Roka with a +0 great sword of holy wrath! x2
Saint Roka hits Saint Roka with a +0 great sword of holy wrath!
Saint Roka barely misses Saint Roka. 😨 HP[+1] Saint Roka invokes the aid of Beogh against Saint Roka.
Saint Roka is smitten.
Saint Roka mumbles some strange prayers to Beogh against you.
Beogh smites you!
* * * LOW HITPOINT WARNING * * *
😱 HP[-11]
You take 11 damage, and now have 17/110 hp.
You can't drink.
Okay, then.
Okay, then.
You can't drink.
Okay, then.
Saint Roka hits Saint Roka with a +0 great sword of holy wrath!!
Saint Roka calls down the wrath of Beogh upon you.
Beogh smites you!
* * * LOW HITPOINT WARNING * * *
😱 HP[-14]
You take 14 damage, and now have 3/110 hp. 😱 HP[+1]
Okay, then.
Okay, then.
You can't drink.
As you read the scroll of teleportation {@r4}, it crumbles to dust.
You feel strangely unstable.
Okay, then.
Okay, then.
Your surroundings suddenly seem different.
You see here a +0 war axe {axe}. 😱 HP[+1]
Okay, then.
As you read the scroll of teleportation {@r4}, it crumbles to dust.
You feel strangely unstable.
The ogre shouts!
Saint Roka calls down the wrath of Beogh upon you.
Beogh smites you!
You die...

Skill      XL: |  1  2  3  4  5  6  7  8  9 10 11 12 13 14 |
---------------+-------------------------------------------+-----
Fighting       | 4 5 6 7 8 10 | 10.1
Short Blades   | 2 4 6 7 |  7.8
Armour         | 7 10 13 | 13.2
Invocations    | 3 10 14 16 | 16.0
Long Blades    | |  1.5
Shields        | |  2.4

Action                   |  1- 3 |  4- 6 |  7- 9 | 10-12 | 13-15 || total
-------------------------+-------+-------+-------+-------+-------++-------
Melee: Long sword        |   101 |   167 |       |       |       ||   268
       Quick blade       |       |    52 |   353 |  1216 |  1505 ||  3126
Throw: Stone             |       |     2 |       |    16 |    17 ||    35
Invok: Line Pass         |       |       |       |     5 |    17 ||    22
       Stomp             |       |       |       |       |     1 ||     1
       Grand Finale      |       |       |       |       |     1 ||     1
Evoke: Wand              |       |       |     4 |     8 |     8 ||    20
       Phantom mirror    |       |       |       |       |     1 ||     1
  Use: Scroll            |     4 |     6 |     7 |     6 |    23 ||    46
 Stab: Sleeping          |       |     6 |     3 |       |       ||     9
       Paralysed         |       |     3 |     1 |    47 |   116 ||   167
       Confused          |       |       |       |     2 |     8 ||    10
       Petrified         |       |       |       |     1 |     4 ||     5
       Petrifying        |       |       |       |     1 |     3 ||     4
       Held in net/web   |       |       |       |     1 |       ||     1
Armor: Scale mail        |    46 |       |       |       |       ||    46
       Robe              |     6 |    77 |    14 |       |       ||    97
       Plate armour      |       |       |    58 |   389 |   527 ||   974
Dodge: Dodged            |    31 |   122 |    59 |   148 |   260 ||   620
Block: Buckler           |    26 |    78 |    42 |   139 |   154 ||   439

Levels and vault maps discovered:
D:1:      dpeg_arrival_more_subterranean_lakeside_camping, layout_basic,
          serial_shops, nicolae_shop_bloodbath_and_beyond
D:2:      cheibrodos_old_hovel, layout_basic, nicolae_ecumenical_snake_handling,
          serial_shops, nicolae_diamond_shop, nrook_loot_triangle, uniq_jessica
D:3:      layout_loops_ring, lemuel_coloured_pillars_altar,
          nicolae_ru_great_annihilating_truth,
          nicolae_hepliaklqana_monster_ancestors, columned_hall_lemuel
D:4:      layout_basic, tgw_trog, portal_sewer_entry_e,
          chequers_serial_rivers_micro_e, minmay_misc_feat_diagonals,
          kennysheep_pointless_box
D:5:      kennysheep_spiral_hall, layout_rooms,
          mainiacjoe_overflow_cross_hatched, lemuel_round_altar,
          minmay_temple_entry_glassed_door, uniq_menkaure, uniq_blork_the_orc
D:6:      wad_lake_hut, layout_basic, dk_xom_monty_hall
D:7:      layout_rooms, lemuel_blue_sif_altar, nemelex_dance_club_becter
D:8:      layout_basic
D:9:      layout_layer_cave, grunt_temple_overflow_forces_of_nature,
          minmay_joined_circles
D:10:     layout_layer_cave, zin_academy, dancing_weapons_uskayaw,
          nicolae_underground_beach
D:11:     layout_loops_ring, erik_lair_island,
          kennysheep_orc_monster_closet_entryway
D:12:     layout_stronghold, grunt_ministairs_14
D:13:     layout_small_grid, vehumet_altar_wand_db
Lair:1:   gammafunk_lair_enchanted_lake, layout_regular_city, ebering_ghost_xom,
          minivault_19, grunt_forest_large_clearings, uniq_maggie
Lair:2:   layout_loops_ring, minmay_shoals_entry_centaurs,
          spider_nest_entry_web_field
Lair:3:   layout_regular_city, forest_entry_grove
Lair:4:   layout_small_grid
Lair:5:   layout_long_grid, nicolae_quartered_pool_medium
Lair:6:   hangedman_lair_caniforms_friends, layout_concentric_octagons,
          hangedman_lair_in_review, minmay_slime_entry_oklob_open,
          chequers_serial_rivers_micro_b
Orc:1:    layout_caves, uniq_nergalle, uniq_fannar
Orc:2:    grunt_orc_cross, layout_caves, portal_ice_cave_entry_ice_simulacra,
          serial_shops, shop
Elf:1:    elf_arrival_001, layout_geoelf_grid, basic_altar,
          gammafunk_ghost_tricky_traps, minmay_elf_crystal_hexagon,
          serial_sigils_hangedman_quiver

Notes
Turn   | Place    | Note
-------+----------+-------------------------------------------
     0 | D:1      | spaghetti the Mummy Fighter began the quest for the Orb.
     0 | D:1      | Reached XP level 1. HP: 18/18 MP: 1/1
     0 | D:1      | magus.rc [v1.9.6]
   353 | D:1      | Reached XP level 2. HP: 20/24 MP: 2/2
   589 | D:1      | Found Sutuuh's Weapon Shop.
   691 | D:1      | Reached skill level 4 in Fighting
   778 | D:1      | Gained mutation: You are in touch with the powers of death.
                  | [Mummy growth]
   778 | D:1      | Reached XP level 3. HP: 26/30 MP: 3/3
  1118 | D:2      | Noticed Jessica
  1132 | D:2      | Killed Jessica
  1359 | D:2      | Reached XP level 4. HP: 18/38 MP: 4/4
  1385 | D:2      | Reached skill level 5 in Fighting
  1747 | D:2      | Found a faded altar of an unknown god.
  1864 | D:2      | Found Reroquck's Book Emporium.
  2096 | D:3      | You pick up a book of Frost and begin reading...
  2096 | D:3      | You add the spells Freeze, Frozen Ramparts and Hailstorm to
                  | your library.
  2195 | D:3      | Found a sacrificial altar of Ru.
  2788 | D:3      | Found a hazy altar of Hepliaklqana.
  2879 | D:3      | Found a basalt altar of Yredelemnul.
  3086 | D:4      | Identified the -2 pair of boots "Ohei" {rCorr MP+9}
  3089 | D:4      | Reached XP level 5. HP: 45/46 MP: 5/5
  3174 | D:4      | HP: 5/46 [iguana (9)]
  3498 | D:4      | Noticed an ogre
  4024 | D:4      | Reached skill level 6 in Fighting
  4037 | D:4      | HP: 11/46 [river rat (5)]
  4345 | D:4      | Noticed an ogre
  4373 | D:5      | Entered Level 5 of the Dungeon
  4394 | D:5      | Identified a scroll of acquirement
  4394 | D:5      | Acquired a +6 quick blade
  4395 | D:5      | e - a +6 quick blade {shortrare=g}
  4396 | D:5      | e - a +6 quick blade (weapon) {shortrare=g}
  4411 | D:5      | Reached skill level 1 in Short Blades
  4552 | D:5      | Found a burning altar of Makhleb.
  4622 | D:5      | Found a radiant altar of Vehumet.
  4724 | D:5      | Noticed Menkaure
  4732 | D:5      | Killed Menkaure
  4733 | D:5      | Reached skill level 2 in Short Blades
  4733 | D:5      | Reached XP level 6. HP: 52/52 MP: 6/6
  4749 | D:5      | Noticed an ice beast
  4756 | D:5      | Reached skill level 3 in Short Blades
  4767 | D:5      | HP: 12/52 [ice beast (7)]
  4797 | D:5      | HP: 9/52 [ice beast (5)]
  4820 | D:5      | HP: 10/52 [ice beast (3)]
  4823 | D:5      | Killed an ice beast
  5183 | D:5      | You pick up a book of Winter and begin reading...
  5183 | D:5      | You add the spells Ozocubu's Armour, Metabolic Englaciation
                  | and Simulacrum to your library.
  5197 | D:5      | Noticed a water moccasin
  5212 | D:5      | Killed a water moccasin
  5213 | D:5      | Reached skill level 4 in Short Blades
  5213 | D:5      | Reached XP level 7. HP: 45/58 MP: 7/7
  5596 | D:6      | Reached skill level 5 in Short Blades
  5906 | D:6      | Found a shimmering altar of Xom.
  6249 | D:6      | Reached skill level 6 in Short Blades
  6346 | D:6      | Reached XP level 8. HP: 36/64 MP: 8/8
  6520 | D:6      | HP: 14/64 [electric eel/bolt of electricity (10)]
  6528 | D:6      | HP: 8/64 [electric eel/bolt of electricity (7)]
  7139 | D:7      | Found a shimmering blue altar of Sif Muna.
  7225 | D:7      | Reached skill level 7 in Short Blades
  7406 | D:7      | Found a sparkling altar of Nemelex Xobeh.
  7848 | D:8      | Noticed a hornet
  7864 | D:8      | Killed a hornet
  7865 | D:8      | Reached skill level 7 in Fighting
  8007 | D:8      | Reached XP level 9. HP: 60/73 MP: 9/9
  8021 | D:8      | Reached skill level 8 in Fighting
  8599 | D:8      | Reached skill level 3 in Armour
  8700 | D:8      | Reached skill level 4 in Armour
  9237 | D:8      | your +6 quick blade {shortrare=g} glows red for a moment.
  9366 | D:9      | Reached skill level 5 in Armour
  9440 | D:9      | Noticed a troll
  9454 | D:9      | Killed a troll
  9455 | D:9      | Reached skill level 6 in Armour
  9996 | D:9      | Reached skill level 7 in Armour
 10022 | D:9      | Noticed a troll
 10235 | D:9      | Killed a troll
 10236 | D:9      | Reached XP level 10. HP: 80/80 MP: 10/10
 10750 | D:9      | Found a stormy altar of Qazlal.
 10750 | D:9      | Found a blossoming altar of Fedhas.
 10775 | D:9      | Reached skill level 8 in Armour
 11110 | D:9      | HP: 12/80 [efreet/bolt of fire (36)]
 11910 | D:9      | HP: 16/80 [efreet/fireball (15)]
 11912 | D:9      | Reached skill level 9 in Armour
 12310 | D:9      | You pick up a book of Maledictions and begin reading...
 12310 | D:9      | You add the spells Tukima's Dance, Anguish and Enfeeble to
                  | your library.
 12318 | D:9      | You add the spells Sting, Poisonous Vapours and Olgreb's
                  | Toxic Radiance to your library.
 12721 | D:10     | Entered Level 10 of the Dungeon
 12822 | D:10     | Reached skill level 10 in Armour
 13431 | D:10     | Reached XP level 11. HP: 70/86 MP: 11/11
 13434 | D:10     | your +7 quick blade {shortrare=g} glows red for a moment.
 13534 | D:10     | You pick up a book of Lightning and begin reading...
 13534 | D:10     | You add the spells Static Discharge, Lightning Bolt and
                  | Maxwell's Capacitive Coupling to your library.
 13561 | D:10     | Noticed a +0 dagger
 13561 | D:10     | Noticed a +0 hand axe
 13566 | D:10     | Found a hide-covered altar of Uskayaw.
 14207 | D:10     | Became a worshipper of Uskayaw the Reveller
 14237 | D:11     | Reached * piety under Uskayaw
 14262 | D:11     | Reached ** piety under Uskayaw
 14278 | D:11     | Reached *** piety under Uskayaw
 14281 | D:11     | Reached **** piety under Uskayaw
 14285 | D:11     | Reached ***** piety under Uskayaw
 14392 | D:11     | Noticed a two-headed ogre
 14409 | D:11     | Killed a two-headed ogre
 14410 | D:11     | Reached skill level 11 in Armour
 14758 | D:11     | Noticed a purple ugly thing
 14774 | D:11     | Killed a purple ugly thing
 14800 | D:11     | Noticed a cyan ugly thing
 14825 | D:11     | Killed a cyan ugly thing
 14826 | D:11     | Reached skill level 12 in Armour
 15887 | D:12     | Noticed a cyan ugly thing
 15904 | D:12     | Killed a cyan ugly thing
 16102 | D:12     | Reached skill level 13 in Armour
 16366 | D:12     | Noticed a boulder beetle
 16414 | D:12     | Killed a boulder beetle
 16415 | D:12     | Reached skill level 2 in Invocations
 17329 | D:11     | Found a staircase to the Lair.
 17763 | D:4      | Found a bloodstained altar of Trog.
 17957 | D:6      | Reached skill level 3 in Invocations
 18071 | D:6      | Reached XP level 12. HP: 78/92 MP: 14/14
 18473 | Lair:1   | Entered Level 1 of the Lair of Beasts
 18580 | Lair:1   | Reached skill level 4 in Invocations
 18614 | Lair:1   | Reached ****** piety under Uskayaw
 18658 | Lair:1   | Reached skill level 5 in Invocations
 18835 | Lair:1   | HP: 20/92 [komodo dragon (21)]
 18902 | Lair:1   | Reached skill level 6 in Invocations
 19277 | Lair:1   | Found a runed translucent door.
 19277 | Lair:1   | Found a shimmering altar of Xom.
 19277 | Lair:1   | Noticed hikkokomori's ghost (journeyman HuFi)
 19393 | Lair:1   | Reached skill level 7 in Invocations
 19489 | Lair:1   | Noticed Maggie
 19502 | Lair:1   | Killed Maggie
 19778 | Lair:1   | Noticed a catoblepas
 19800 | Lair:1   | Found a runed translucent door.
 20303 | Lair:1   | Reached skill level 8 in Invocations
 20330 | Lair:1   | Killed a catoblepas
 20794 | Lair:1   | Killed hikkokomori's ghost
 20795 | Lair:1   | Reached skill level 9 in Invocations
 21004 | Lair:2   | Found a staircase to the Shoals.
 21274 | Lair:2   | Found a hole to the Spider Nest.
 21342 | Lair:2   | Reached skill level 10 in Invocations
 21835 | Lair:2   | Gained mutation: You are strongly in touch with the powers
                  | of death. [Mummy growth]
 21835 | Lair:2   | Reached XP level 13. HP: 87/98 MP: 20/20
 22727 | Lair:3   | You add the spells Passage of Golubria and Yara's Violent
                  | Unravelling to your library.
 23007 | Lair:3   | Reached skill level 11 in Invocations
 23542 | Lair:4   | You pick up a book of Callings and begin reading...
 23542 | Lair:4   | You add the spells Summon Small Mammal, Call Canine
                  | Familiar and Summon Guardian Golem to your library.
 23576 | Lair:4   | You pick up a book of the Warp and begin reading...
 23576 | Lair:4   | You add the spells Dispersal and Disjunction to your
                  | library.
 23617 | Lair:4   | You pick up a book of Scorching and begin reading...
 23617 | Lair:4   | You add the spells Scorch, Flame Wave and Summon Cactus
                  | Giant to your library.
 23992 | Lair:4   | You pick up a book of Air and begin reading...
 23992 | Lair:4   | You add the spells Shock, Swiftness and Airstrike to your
                  | library.
 24106 | Lair:4   | your +8 quick blade {shortrare=g} glows red for a moment.
 24692 | Lair:5   | Reached skill level 12 in Invocations
 25411 | Lair:5   | your +9 quick blade {shortrare=g} drips with poison.
 25411 | Lair:5   | e - a +9 quick blade of venom (weapon) {shortrare=g}
 25425 | Lair:5   | Reached skill level 13 in Invocations
 25839 | Lair:6   | Entered Level 6 of the Lair of Beasts
 26778 | Lair:6   | Reached skill level 14 in Invocations
 27184 | Lair:6   | Reached XP level 14. HP: 44/105 MP: 19/24
 28076 | Lair:6   | Reached skill level 15 in Invocations
 28124 | Lair:6   | HP: 26/105 [six-headed hydra (7)]
 28130 | Lair:6   | HP: 9/105 [death yak (17)]
 28584 | Lair:6   | Found a staircase to the Slime Pits.
 29302 | Lair:6   | HP: 5/105 [hell hound/blast of flame (27)]
 29306 | Lair:6   | HP: 2/105 [hell hound/blast of flame (4)]
 29763 | Lair:6   | You pick up a book of Flames and begin reading...
 29763 | Lair:6   | You add the spells Foxfire, Conjure Flame and Inner Flame
                  | to your library.
 29868 | Lair:6   | Reached skill level 16 in Invocations
 30469 | D:11     | Found a staircase to the Orcish Mines.
 30627 | Orc:1    | Entered Level 1 of the Orcish Mines
 30627 | Orc:1    | Noticed Fannar
 30657 | Orc:1    | Killed Fannar
 30659 | Orc:1    | Reached skill level 9 in Fighting
 30920 | Orc:2    | Entered Level 2 of the Orcish Mines
 31112 | Orc:2    | Found Eprenokuo's Weapon Shoppe.
 31155 | Orc:2    | Found a staircase to the Elven Halls.
 31192 | Orc:2    | HP: 27/108 [orc warrior/+0 scimitar (6)]
 31586 | Orc:2    | Noticed Saint Roka
 31594 | Orc:2    | HP: 17/108 [orc sorcerer/bolt of fire (16)]
 31996 | Elf:1    | Entered Level 1 of the Elven Halls
 32111 | Orc:2    | Reached skill level 10 in Fighting
 33339 | Orc:1    | Noticed Nergalle
 33361 | Orc:1    | Killed Nergalle
 33737 | Orc:2    | HP: 27/110 [Saint Roka/divine providence (10)]
 33742 | Orc:2    | HP: 3/110 [Saint Roka/divine providence (14)]
 33749 | Orc:2    | Killed from afar by Saint Roka

Vanquished Creatures
  Fannar (Orc:1)
  The ghost of hikkokomori the Protected, a journeyman HuFi of Nemelex Xobeh (Lair:1)
  7 hydras
  2 two-headed ogres
  3 catoblepae
  2 boulder beetles
  A dancing weapon (Lair:1)
  3 death yaks (Lair:6)
  An orc high priest (Orc:2)
  Nergalle (Orc:1)
  A lindwurm (Lair:6)
  4 orc knights (Orc:2)
  2 ugly things
  3 orc sorcerers
  10 elephants
  8 black mambas
  2 torpor snails (Lair:6)
  13 cane toads
  10 komodo dragons
  Maggie (Lair:1)
  A kobold demonologist (D:12)
  4 rime drakes
  An efreet (D:9)
  10 trolls
  11 polar bears
  4 hornets
  8 blink frogs
  4 slime creatures (D:12)
  2 raiju (Lair:6)
  2 dream sheep (Lair:6)
  A vampire (D:9)
  3 spriggans
  5 wyverns
  39 yaks
  4 water elementals (D:10)
  A shadow (D:11)
  5 basilisks
  2 steam dragons
  7 vampire mosquitoes
  Menkaure (D:5)
  5 wargs (Lair:6)
  4 acid dragons
  15 water moccasins
  11 hell hounds (Lair:6)
  14 black bears
  19 orc warriors
  A sky beast (D:7)
  An ice beast (D:5)
  53 wolves
  6 ogres
  9 centaurs
  12 bullfrogs
  4 kobold brigands
  2 necrophages (D:6)
  3 gnoll sergeants (D:11)
  3 scorpions
  A cane toad simulacrum (Orc:2)
  8 wights
  An elephant simulacrum (Orc:2)
  11 killer bees
  2 howler monkeys (D:9)
  7 electric eels
  6 hounds
  A jelly (D:6)
  11 orc priests
  3 gnoll shamans
  Jessica (D:2)
  3 iguanas
  14 orc wizards
  A spriggan simulacrum (Orc:2)
  A troll simulacrum (Orc:2)
  12 gnolls
  9 adders
  4 naga simulacra (Orc:2)
  2 river rats (D:4)
  An ufetubus (D:4)
  4 worms
  5 dart slugs
  25 orcs
  15 ball pythons
  12 endoplasms
  4 giant cockroaches
  6 goblins
  5 hobgoblins
  3 quokkas
  5 bats
  3 frilled lizards
  9 kobolds
  13 rats
  A spectral hobgoblin (D:3)
562 creatures vanquished.

Vanquished Creatures (collateral kills)
  An ugly thing (D:11)
  An oklob plant (Lair:3)
  A polar bear (Lair:6)
  A raiju (Lair:6)
  A warg (Lair:6)
  A hell hound (Lair:6)
  A wolf (Lair:6)
  An orc wizard (D:9)
  An orc (Orc:2)
9 creatures vanquished.

Vanquished Creatures (others)
  A lindwurm (Lair:1)
  An orc (D:6)
  2 bushes
  36 fungi
  77 plants
  11 toadstools (Lair:1)
128 creatures vanquished.

Grand Total: 699 creatures vanquished

Table legend:
 A = Non-vault XP
 B = Vault XP
 C = Vault XP percentage of total XP
 D = Non-vault monster count
 E = Vault monster count
 F = Vault count percentage of total count
                 A         B        C        D         E       F
            +---------+---------+-------+---------+---------+-------
      Total |   51447 |   45612 |  47.0 |     316 |     256 |  44.8
            +---------+---------+-------+---------+---------+-------
        D:1 |      48 |       2 |   4.0 |      28 |       1 |   3.4
        D:2 |      51 |      42 |  45.2 |      14 |       5 |  26.3
        D:3 |      37 |      10 |  21.3 |      14 |       6 |  30.0
        D:4 |     336 |      50 |  13.0 |      16 |      13 |  44.8
        D:5 |      52 |     496 |  90.5 |       3 |       5 |  62.5
        D:6 |     882 |      45 |   4.9 |      17 |       2 |  10.5
        D:7 |     787 |     111 |  12.4 |      10 |       2 |  16.7
        D:8 |    1806 |       0 |   0.0 |      21 |       0 |   0.0
        D:9 |    3043 |    1789 |  37.0 |      26 |      14 |  35.0
       D:10 |    1192 |     840 |  41.3 |       8 |       4 |  33.3
       D:11 |    5307 |    2286 |  30.1 |      25 |      28 |  52.8
       D:12 |    2392 |    1601 |  40.1 |       6 |       7 |  53.8
       D:13 |     291 |       0 |   0.0 |       1 |       0 |   0.0
     Lair:1 |    3705 |    8996 |  70.8 |      15 |      38 |  71.7
     Lair:2 |    3509 |     563 |  13.8 |      15 |       5 |  25.0
     Lair:3 |    3316 |    1225 |  27.0 |      13 |       7 |  35.0
     Lair:4 |    2569 |       0 |   0.0 |       8 |       0 |   0.0
     Lair:5 |   10256 |       0 |   0.0 |      36 |       0 |   0.0
     Lair:6 |    8494 |   20211 |  70.4 |      20 |      77 |  79.4
      Orc:1 |    1657 |    1671 |  50.2 |      14 |       2 |  12.5
      Orc:2 |    1717 |    4956 |  74.3 |       6 |      38 |  86.4
      Elf:1 |       0 |     718 | 100.0 |       0 |       2 | 100.0
            +---------+---------+-------+---------+---------+-------

Illustrated notes

Table legend:
 A = Kills in this place as a percentage of kills in entire the game.
 B = Kills by you in this place as a percentage of kills by you in the entire game.
 C = Kills by friends in this place as a percentage of kills by friends in the entire game.
 D = Other kills in this place as a percentage of other kills in the entire game.
 E = Experience gained in this place as a percentage of experience gained in the entire game.
 F = Experience gained in this place divided by the number of levels of this place that you have seen.
                   A       B       C       D       E      F
               +-------+-------+-------+-------+-------+----------------------
         Total | 100.0 | 100.0 | 100.0 | 100.0 | 100.0 | 4411.8
       Dungeon |  48.3 |  48.8 |  22.2 |   0.0 |  24.2 | 1807.4
          Lair |  40.9 |  40.4 |  66.7 | 100.0 |  64.7 | 10474.0
  Orcish Mines |  10.5 |  10.5 |  11.1 |   0.0 |  10.3 | 5000.5
   Elven Halls |   0.3 |   0.4 |   0.0 |   0.0 |   0.7 | 718.0
               +-------+-------+-------+-------+-------+----------------------

Table legend: (Time is in decaauts)
 A = Elapsed time spent in this place.
 B = Non-inter-level travel time spent in this place.
 C = Inter-level travel time spent in this place.
 D = Time resting spent in this place.
 E = Time spent auto-exploring this place.
 F = Levels seen in this place.
 G = Mean time per level.
                   A        B        C        D        E       F      G
               +--------+--------+--------+--------+--------+-----+--------+
         Total |  31880 |  30061 |   1819 |   9768 |  16570 |  22 | 1449.1 |
       Dungeon |  18112 |  16597 |   1515 |   4744 |   9685 |  13 | 1393.2 |
          Lair |  10855 |  10605 |    250 |   3324 |   6046 |   6 | 1809.2 |
  Orcish Mines |   2870 |   2819 |     51 |   1673 |    839 |   2 | 1435.0 |
   Elven Halls |     41 |     39 |      2 |     26 |      0 |   1 |   41.0 |
               +--------+--------+--------+--------+--------+-----+--------+

Top non-repeatable levels by time:
  Lair:6: 4011 daAuts
     D:9: 2478 daAuts
     D:8: 2346 daAuts
  Lair:1: 2301 daAuts
   Orc:2: 2128 daAuts
     D:6: 1851 daAuts
    D:11: 1621 daAuts
    D:10: 1482 daAuts
    D:12: 1452 daAuts
     D:4: 1386 daAuts
     D:3: 1284 daAuts
  Lair:4: 1251 daAuts
     D:5: 1177 daAuts
     D:1: 1174 daAuts
  Lair:5: 1142 daAuts
